 Dungeon Crawl Stone Soup version 0.28-a0-472-g50180c0d78 (webtiles) character file.

Game seed: 106969947482477187

47 Jawa73 the Skirmisher (level 3, -4/60 HPs)
             Began as an Ogre Monk on Sept 15, 2021.
             Succumbed to Robin's poison
             ... on level 2 of the Dungeon.
             The game lasted 00:05:10 (1938 turns).

Jawa73 the Skirmisher (Ogre Monk)                   Turns: 1938, Time: 00:05:10

Health: -4/60      AC: 21    Str: 16    XL:     3   Next: 70%
Magic:  3/3        EV:  1    Int: 11    God:
Gold:   37         SH:  0    Dex: 11    Spells: 2/2 levels left

rFire   . . .      SeeInvis .   a - +0 mace
rCold   . . .      Faith    .   (no shield)
rNeg    + + +      Spirit   .   (armour currently unavailable)
rPois   +          Reflect  .   (helmet currently unavailable)
rElec   .          Harm     .   (cloak currently unavailable)
rCorr   .          Rampage  .   (gloves unavailable)
Will    .....      NoTele   +   (boots unavailable)
Stlth   ++........              (no amulet)
HPRegen 0.20/turn               (no ring)
MPRegen 0.08/turn               (no ring)

@: lethally poisoned (-4 -> -27), tree-form
A: stationary, stasis, torment immunity, boosted hp, large, unfitting armour,
(tough skin 1)
a: no special abilities


You were on level 2 of the Dungeon.
You were a tree.
You visited 1 branch of the dungeon, and saw 2 of its levels.

You collected 37 gold pieces.

Inventory:

Hand Weapons
 a - a +0 mace (weapon)
Armour
 b - a +1 robe (melded)
Scrolls
 f - 4 scrolls of teleportation
Potions
 d - a potion of lignification


   Skills:
 * Level 4.6 Fighting
 * Level 3.5 Maces & Flails
 * Level 0.5 Armour
 + Level 2.9 Dodging
 - Level 1.4 Stealth


You had 2 spell levels left.
You didn't know any spells.
Your spell library was empty.

Dungeon Overview and Level Annotations

Branches:
Dungeon (2/15)

Altars:

Annotations:
D:2 Robin


Innate Abilities, Weirdness & Mutations

You are a tree.
Your roots penetrate the ground, keeping you stationary.
You cannot be teleported.
You are immune to unholy pain and torment.
Your maximum health is greatly increased.
Your equipment is partially melded.
You are too large for most types of armour.
((You have tough skin. (AC +1)))


Message History

You hit Robin.
Robin is lightly wounded.
Robin hits you with a +3 mace of venom!
You barely miss Robin.
Robin is lightly wounded.
Robin hits you with a +3 mace of venom.
You are poisoned.
You thump Robin!
Robin is severely wounded.
You feel very sick. Robin barely misses you.
You barely miss Robin.
Robin is severely wounded.
You feel very sick. Robin hits you with a +3 mace of venom.
* * * LOW HITPOINT WARNING * * *
You are lethally poisoned!
Robin hits you with a +3 mace of venom.
* * * LOW HITPOINT WARNING * * *
You are more poisoned.
You feel much better.
You feel extremely sick. Robin misses you.
You hit Robin but do no damage.
Robin is severely wounded.
* * * LOW HITPOINT WARNING * * *
You feel extremely sick. Robin hits you with a +3 mace of venom.
* * * LOW HITPOINT WARNING * * *
Unknown command.
It was a potion of cancellation.
You feel magically purged.
* * * LOW HITPOINT WARNING * * *
You feel very sick. Robin hits you with a +3 mace of venom.
* * * LOW HITPOINT WARNING * * *
You are more poisoned.
Really quaff the potion of lignification?
You turn into a tree.
Your +1 robe melds into your body.
Your roots penetrate the ground.
You die...

#...J# #....#
#....## #...g.####
#........#
#....#.#.##
######.#..# #.##g#
#..#♣### ####
##.....# #..##
###.#.#####
#...#######.#.....#
#.#..>.......####.##
#>..#######...###..#
###.#
#......##.#####.#
#.#
#......##.......#
#.#
#......##..######


You could see Robin.

Vanquished Creatures
  A worm (D:2)
  9 ball pythons (D:1)
  3 endoplasms
  11 goblins
  5 hobgoblins
  A quokka (D:1)
  3 bats (D:1)
  A frilled lizard (D:2)
  A kobold (D:1)
  4 rats
39 creatures vanquished.

Notes
Turn   | Place    | Note
-------+----------+-------------------------------------------
     0 | D:1      | Jawa73 the Ogre Monk began the quest for the Orb.
     0 | D:1      | Reached XP level 1. HP: 24/24 MP: 1/1
    89 | D:1      | Found a faded altar of an unknown god.
   265 | D:1      | Reached XP level 2. HP: 23/32 MP: 2/2
  1229 | D:1      | Reached XP level 3. HP: 40/40 MP: 3/3
  1570 | D:2      | Noticed Robin
  1937 | D:2      | HP: 1/40 [Robin (3)]
  1938 | D:2      | Succumbed to Robin's poison

Illustrated notes

Levels and vault maps discovered:
D:1:      dpeg_arrival_water_fire, layout_loops_corners,
          hellmonk_ecumenical_altar_crossroads, palyth_stone_intersect
D:2:      layout_rooms, uniq_robin

Skill      XL: |  1  2 |
---------------+-------+-----
Maces & Flails | 3 |  3.5
Fighting       | |  4.6
Armour         | |  0.5
Dodging        | |  2.9
Stealth        | |  1.4

Action                   || total
-------------------------++-------
Melee: Mace              ||   124
  Use: Scroll            ||     3
       Potion            ||     4
 Stab: Sleeping          ||     3
Armor: Robe              ||    50
Dodge: Dodged            ||    84

Table legend: (Time is in decaauts)
 A = Elapsed time spent in this place.
 B = Non-inter-level travel time spent in this place.
 C = Inter-level travel time spent in this place.
 D = Time resting spent in this place.
 E = Time spent auto-exploring this place.
 F = Levels seen in this place.
 G = Mean time per level.
                   A        B        C        D        E       F      G
               +--------+--------+--------+--------+--------+-----+--------+
         Total |   1970 |   1817 |    153 |    231 |   1149 |   2 |  985.0 |
       Dungeon |   1970 |   1817 |    153 |    231 |   1149 |   2 |  985.0 |
               +--------+--------+--------+--------+--------+-----+--------+

Top non-repeatable levels by time:
     D:1: 1698 daAuts
     D:2: 272 daAuts
